AoeStats
← ivcrk826

Runestones

507976553Analyzed
1v1 RM · 11d ago on Sep 20, 2026· 30m 30s· 2 players
Game mode
Random Map
Map size
Tiny (2 player)
Population
200
Speed
Normal
Resources
Standard
Victory
Conquest
Starting age
Dark Age
Ending age
Imperial Age
RankedLock teamsTeams togetherTeam positionsShared explorationLock speedFull tech treeHidden civsTurbo modeCheats
Victory
Defeat
🇦🇷 Magyars · Argentina
1117
+15
🇫🇷 Burgundians · France
1090
-15
Napoléon
2:59 Loom
4:47 Double-Bit Axe
8:43 Wheelbarrow
10:36 Feudal Age
11:28 Town Watch
12:16 Bow Saw
13:29 Horse Collar
15:01 Heavy Plow
20:15 Hand Cart
24:12 Castle Age
24:07 Forging
23:58 Scale Mail Armor
25:46 Fletching
28:40 Bodkin Arrow
ivcrk826
7:07 Loom
9:10 Feudal Age
10:31 Double-Bit Axe
21:29 Castle Age
19:46 Gold Mining
19:55 Horse Collar
21:33 Bloodlines
28:33 Fletching
29:11 Bodkin Arrow
29:33 Town Watch
Connection lost

Rejoining the realm…

Still unreachable

The connection could not be restored.

Session expired

The server has moved on; the page needs a fresh start.